R - U22
MESA SAGUAROS @ CAPE CORAL HAMMERHEADS
09/06/2052
 
TOP OF THE 1ST
Vancouver Cascades batting - Pitching for Chicago Cubs : RHP Troy Rhode
Pitching: RHP Troy Rhode
Batting: RHB Zechariah Yazzie 0-0: Called Strike
0-1: Ball
1-1: Ground out 5-3 (Groundball, 56S, EV 68.8 MPH)
Batting: RHB Andrew Marino 0-0: Ball
1-0: Fly out, F8 (Flyball, 8RXD, EV 93.1 MPH)
Batting: LHB Juan Pablo Sánchez 0-0: Called Strike
0-1: Foul Ball, location: 2F
0-2: Hit by Pitch
Batting: RHB Marty Londono 0-0: Ball
1-0: Fly out, F8 (Flyball, 8RM, EV 99.4 MPH)
Top of the 1st over - 0 runs, 0 hits, 0 errors, 1 left on base; Vancouver 0 - Chicago 0
BOTTOM OF THE 1ST
Chicago Cubs batting - Pitching for Vancouver Cascades : RHP Harvey Allison
Pitching: RHP Harvey Allison
Batting: RHB Hugo Sánchez 0-0: Called Strike
0-1: Called Strike
0-2: Ball
1-2: Ball
2-2: Strikes out swinging
Batting: LHB George Smythe 0-0: Ball
1-0: SINGLE (Groundball, 3D, EV 103.8 MPH)
Batting: LHB Ryder Andersen 0-0: Ball
1-0: Ball
2-0: Called Strike
2-1: Swinging Strike
2-2: Foul Ball, location: 2F
2-2: Ball
3-2: Foul Ball, location: 2F
3-2: Foul Ball, location: 2F
3-2: Foul Ball, location: 2F
3-2: Strikes out swinging
George Smythe is caught stealing 2nd base 2-6
Batter strikes out.
Bottom of the 1st over - 0 runs, 1 hit, 0 errors, 0 left on base; Vancouver 0 - Chicago 0
TOP OF THE 2ND
Vancouver Cascades batting - Pitching for Chicago Cubs : RHP Troy Rhode
Batting: SHB Bryce Rudzinski 0-0: Foul Ball, location: 2F
0-1: Foul Ball, location: 2F
0-2: Ball
1-2: Strikes out looking
Batting: RHB Josh Rogers 0-0: Fly out, F7 (Flyball, 7S, EV 90.0 MPH)
Batting: SHB Eduardo Caballero 0-0: Called Strike
0-1: Foul Ball, location: 2F
0-2: Strikes out swinging
Top of the 2nd over - 0 runs, 0 hits, 0 errors, 0 left on base; Vancouver 0 - Chicago 0
BOTTOM OF THE 2ND
Chicago Cubs batting - Pitching for Vancouver Cascades : RHP Harvey Allison
Batting: LHB Nathan Halker 0-0: SOLO HOME RUN (Flyball, 89XD, EV 111.9 MPH), Distance : 429 ft
Batting: SHB Rafael Baernal 0-0: Ground out 4-3 (Groundball, 4, EV 91.2 MPH)
Batting: SHB Dávid Vavro 0-0: Ball
1-0: Foul Ball, location: 2F
1-1: Reached via error on a dropped throw from 1B, E1 (Groundball, 34, EV 110.0 MPH)
Batting: RHB José Rodríguez 0-0: Called Strike
0-1: Foul Ball, location: 2F
0-2: Strikes out swinging
Batting: RHB Candy Boggs 0-0: Ball
1-0: Ball
2-0: Called Strike
2-1: Foul Ball, location: 2F
2-2: Strikes out looking
Bottom of the 2nd over - 1 run, 1 hit, 1 error, 1 left on base; Vancouver 0 - Chicago 1
TOP OF THE 3RD
Vancouver Cascades batting - Pitching for Chicago Cubs : RHP Troy Rhode
Batting: RHB Eric Osborn 0-0: Fly out, F7 (Flyball, 78M, EV 69.4 MPH)
Batting: RHB Sidney Agee 0-0: Called Strike
0-1: Ball
1-1: Foul Ball, location: 2F
1-2: SINGLE (Groundball, 6D, EV 93.8 MPH)
Batting: RHB Zechariah Yazzie 0-0: Called Strike
0-1: Ball
Pickoff Throw by Catcher to First - Out!
1-1: Ball
2-1: Bunted foul
2-2: Foul Ball, location: 2F
2-2: Ground out U3 (Groundball, 3, EV 82.5 MPH)
Top of the 3rd over - 0 runs, 1 hit, 0 errors, 0 left on base; Vancouver 0 - Chicago 1
BOTTOM OF THE 3RD
Chicago Cubs batting - Pitching for Vancouver Cascades : RHP Harvey Allison
Batting: RHB Daniel Pollard 0-0: Called Strike
0-1: Ball
1-1: Swinging Strike
1-2: Foul Ball, location: 2F
1-2: Strikes out looking
Batting: RHB Hugo Sánchez 0-0: Ball
1-0: Ball
2-0: Ball
3-0: Called Strike
3-1: Ground out 5-3 (Groundball, 5, EV 87.5 MPH)
Batting: LHB George Smythe 0-0: Ball
1-0: Called Strike
1-1: Ground out 6-3 (Groundball, 6, EV 85.6 MPH)
Bottom of the 3rd over - 0 runs, 0 hits, 0 errors, 0 left on base; Vancouver 0 - Chicago 1
TOP OF THE 4TH
Vancouver Cascades batting - Pitching for Chicago Cubs : RHP Troy Rhode
Batting: RHB Andrew Marino 0-0: Called Strike
0-1: Ball
1-1: Fly out, F9 (Flyball, 89S, EV 88.1 MPH)
Batting: LHB Juan Pablo Sánchez 0-0: Fly out, F6 (Popup, 6MS, EV 69.4 MPH)
Batting: RHB Marty Londono 0-0: Ball
1-0: Ball
2-0: DOUBLE (Flyball, 89D, EV 111.2 MPH)
Batting: SHB Bryce Rudzinski 0-0: Swinging Strike
0-1: Foul Ball, location: 2F
0-2: Strikes out swinging
Top of the 4th over - 0 runs, 1 hit, 0 errors, 1 left on base; Vancouver 0 - Chicago 1
BOTTOM OF THE 4TH
Chicago Cubs batting - Pitching for Vancouver Cascades : RHP Harvey Allison
Batting: LHB Ryder Andersen 0-0: Ball
1-0: Ball
2-0: TRIPLE (Line Drive, 89XD, EV 97.5 MPH)
Batting: LHB Nathan Halker 0-0: Called Strike
0-1: Called Strike
0-2: Strikes out looking
Batting: SHB Rafael Baernal 0-0: Foul Ball, location: 2F
0-1: Ground out 4-3 (Groundball, 4, EV 83.8 MPH)
Ryder Andersen scores
Batting: SHB Dávid Vavro 0-0: Ball
1-0: Foul Ball, location: 2F
1-1: Foul Ball, location: 2F
1-2: Ball
2-2: SINGLE (Groundball, 4MD, EV 95.6 MPH)
Batting: RHB José Rodríguez 0-0: Ball
1-0: Called Strike
1-1: Swinging Strike
1-2: Foul Ball, location: 2F
1-2: Ball
2-2: Ball
3-2: Ground out 6-3 (Groundball, 6, EV 84.4 MPH)
Bottom of the 4th over - 1 run, 2 hits, 0 errors, 1 left on base; Vancouver 0 - Chicago 2
TOP OF THE 5TH
Vancouver Cascades batting - Pitching for Chicago Cubs : RHP Troy Rhode
Batting: RHB Josh Rogers 0-0: Called Strike
0-1: Ball
1-1: Fly out, F6 (Popup, 6, EV 67.5 MPH)
Batting: SHB Eduardo Caballero 0-0: Called Strike
0-1: Swinging Strike
0-2: Strikes out looking
Batting: RHB Eric Osborn 0-0: Called Strike
0-1: Ball
1-1: Foul Ball, location: 2F
1-2: Ground out 6-3 (Groundball, 56, EV 89.4 MPH)
Top of the 5th over - 0 runs, 0 hits, 0 errors, 0 left on base; Vancouver 0 - Chicago 2
BOTTOM OF THE 5TH
Chicago Cubs batting - Pitching for Vancouver Cascades : RHP Harvey Allison
Now in LF: Hayden Browman
Now in RF: Britt Lane
Batting: RHB Candy Boggs 0-0: Foul Ball, location: 2F
0-1: Ball
1-1: Ball
2-1: Ball
3-1: Ground out 5-3 (Groundball, 56, EV 82.5 MPH)
Batting: RHB Daniel Pollard 0-0: Ball
1-0: Ball
2-0: Ball
3-0: Called Strike
3-1: DOUBLE (Flyball, 78D, EV 93.1 MPH)
Batting: RHB Hugo Sánchez 0-0: Foul Ball, location: 2F
0-1: Ball
1-1: Foul Ball, location: 2F
1-2: Ball
2-2: Ball
3-2: Fly out, F7 (Flyball, 78S, EV 90.6 MPH)
Batting: LHB George Smythe 0-0: Called Strike
0-1: Ball
1-1: Called Strike
1-2: Ball
2-2: SINGLE (Groundball, 34S, EV 68.1 MPH) (infield hit)
Daniel Pollard to third
Pitching: RHP Hamilton Montalvo
Batting: LHB Ryder Andersen 0-0: Ball
1-0: Ball
2-0: Ground out 4-3 (Groundball, 4D, EV 108.1 MPH)
Bottom of the 5th over - 0 runs, 2 hits, 0 errors, 2 left on base; Vancouver 0 - Chicago 2
TOP OF THE 6TH
Vancouver Cascades batting - Pitching for Chicago Cubs : RHP Troy Rhode
Batting: RHB Sidney Agee 0-0: Ball
1-0: SINGLE (Flyball, 89S, EV 89.4 MPH)
Batting: LHB Britt Lane 0-0: Called Strike
0-1: Ball
1-1: Fly out, F8 (Flyball, 8LD, EV 105.0 MPH)
Pinch Hitting: RHB Garvey Barone 0-0: Called Strike
0-1: Ball
Sidney Agee steals 2nd base
1-1: Ball
2-1: Foul Ball, location: 2F
2-2: Strikes out swinging
Batting: LHB Hayden Browman 0-0: Ball
1-0: Ball
2-0: Called Strike
2-1: Foul Ball, location: 2F
2-2: Foul Ball, location: 2F
2-2: Ground out U3 (Groundball, 3, EV 78.1 MPH)
Top of the 6th over - 0 runs, 1 hit, 0 errors, 1 left on base; Vancouver 0 - Chicago 2
BOTTOM OF THE 6TH
Chicago Cubs batting - Pitching for Vancouver Cascades : RHP Hamilton Montalvo
Now at 1B: Garvey Barone
Now at 2B: Sidney Agee
Now at 3B: Blas Archuletta
Batting: RHB Malachi Craig 0-0: Ball
1-0: Ball
2-0: Called Strike
2-1: Foul Ball, location: 2F
2-2: Strikes out swinging
Pinch Hitting: LHB Adam Lozano 0-0: Called Strike
0-1: Ball
1-1: Ball
2-1: Foul Ball, location: 2F
2-2: Strikes out swinging
Pinch Hitting: SHB Elías Saucedo 0-0: Fly out, F5 (Popup, 56, EV 63.1 MPH)
Bottom of the 6th over - 0 runs, 0 hits, 0 errors, 0 left on base; Vancouver 0 - Chicago 2
TOP OF THE 7TH
Vancouver Cascades batting - Pitching for Chicago Cubs : RHP Troy Rhode
Now at 2B: Elías Saucedo
Now in RF: Lincoln King
Batting: RHB Blas Archuletta 0-0: Foul Ball, location: 2F
0-1: Swinging Strike
0-2: Foul Ball, location: 2F
0-2: Ball
1-2: Strikes out looking
Batting: SHB Bryce Rudzinski 0-0: Ground out U3 (Groundball, 34, EV 85.6 MPH)
Batting: RHB Jacob Shanley 0-0: Fly out, F7 (Flyball, 78S, EV 81.2 MPH)
Top of the 7th over - 0 runs, 0 hits, 0 errors, 0 left on base; Vancouver 0 - Chicago 2
BOTTOM OF THE 7TH
Chicago Cubs batting - Pitching for Vancouver Cascades : RHP Hamilton Montalvo
Pitching: LHP Frank Song
Now at SS: Johan Paquette
Now in CF: Isaiah Parker
Batting: RHB José Rodríguez 0-0: Foul Ball, location: 2F
0-1: Ground out 1-3 (Groundball, 13S, EV 64.4 MPH)
Batting: RHB Candy Boggs 0-0: Foul Ball, location: 2F
0-1: Ground out 5-3 (Groundball, 5, EV 83.8 MPH)
Batting: RHB Daniel Pollard 0-0: Ball
1-0: Fly out, F9 (Line Drive, 9S, EV 89.4 MPH)
Bottom of the 7th over - 0 runs, 0 hits, 0 errors, 0 left on base; Vancouver 0 - Chicago 2
TOP OF THE 8TH
Vancouver Cascades batting - Pitching for Chicago Cubs : RHP Troy Rhode
Pitching: LHP Owen Del Cid
Batting: RHB Isaiah Parker 0-0: Called Strike
0-1: Ball
1-1: Swinging Strike
1-2: Foul Ball, location: 2F
1-2: Ground out 6-3 (Groundball, 6, EV 91.9 MPH)
Pitching: RHP Dave Moreno
Batting: LHB Johan Paquette 0-0: Foul Ball, location: 2F
0-1: Foul Ball, location: 2F
0-2: Foul Ball, location: 2F
0-2: Strikes out looking
Pinch Hitting: RHB Leon Kanu 0-0: Called Strike
0-1: Called Strike
0-2: Foul Ball, location: 2F
0-2: Ball
1-2: Ball
2-2: Strikes out swinging
Top of the 8th over - 0 runs, 0 hits, 0 errors, 0 left on base; Vancouver 0 - Chicago 2
BOTTOM OF THE 8TH
Chicago Cubs batting - Pitching for Vancouver Cascades : LHP Frank Song
Pitching: LHP Dolan Borland
Now at 2B: Leon Kanu
Batting: RHB Hugo Sánchez 0-0: Ball
1-0: Called Strike
1-1: Called Strike
1-2: Foul Ball, location: 2F
1-2: Ground out 5-3 (Groundball, 56S, EV 82.5 MPH)
Batting: LHB George Smythe 0-0: Swinging Strike
0-1: Called Strike
0-2: Strikes out swinging
Batting: LHB Ryder Andersen 0-0: Ball
1-0: Ball
2-0: Swinging Strike
2-1: Foul Ball, location: 2F
2-2: Strikes out swinging
Bottom of the 8th over - 0 runs, 0 hits, 0 errors, 0 left on base; Vancouver 0 - Chicago 2
TOP OF THE 9TH
Vancouver Cascades batting - Pitching for Chicago Cubs : RHP Dave Moreno
Batting: LHB Britt Lane 0-0: Called Strike
0-1: Foul Ball, location: 2F
0-2: Strikes out swinging
Pinch Hitting: LHB Kristoffer Pedersen 0-0: Ball
1-0: Fly out, F3 (Line Drive, 3L, EV 67.5 MPH)
Batting: LHB Hayden Browman 0-0: Ball
1-0: Ball
2-0: Ball
3-0: Called Strike
3-1: Called Strike
3-2: Foul Ball, location: 2F
3-2: Base on Balls
Batting: RHB Blas Archuletta 0-0: Called Strike
0-1: Ball
1-1: Called Strike
1-2: Foul Ball, location: 2F
1-2: Foul Ball, location: 2F
1-2: Ball
2-2: SINGLE (Groundball, 6MD, EV 95.0 MPH)
Hayden Browman to second
Pinch Hitting: LHB Carlos Maldonado 0-0: DOUBLE (Flyball, 8RXD, EV 96.9 MPH)
Hayden Browman scores
Blas Archuletta to third
Runner from 3rd tries for Home, SAFE, no throw by CF
Batting: LHB Ryman Hoffman 0-0: Intentional Walk
Pinch Hitting: SHB Jeremy Fleming 0-0: Called Strike
0-1: Swinging Strike
0-2: Ball
1-2: Ball
2-2: Ball
3-2: Foul Ball, location: 2F
3-2: Strikes out swinging
Top of the 9th over - 2 runs, 2 hits, 0 errors, 2 left on base; Vancouver 2 - Chicago 2
BOTTOM OF THE 9TH
Chicago Cubs batting - Pitching for Vancouver Cascades : LHP Dolan Borland
Pitching: RHP Jeff Frost
Now at C: Carlos Maldonado
Now at 1B: Michal Schrieber
Now in CF: Jeremy Milby
Batting: RHB Malachi Craig 0-0: Foul Ball, location: 2F
0-1: Ball
1-1: Swinging Strike
1-2: Foul Ball, location: 2F
1-2: Fly out, F9 (Line Drive, 9S, EV 91.9 MPH)
Batting: RHB Lincoln King 0-0: Ball
1-0: Swinging Strike
1-1: Called Strike
1-2: Strikes out swinging
Batting: SHB Elías Saucedo 0-0: Ball
1-0: Ball
2-0: Called Strike
2-1: Ball
3-1: Called Strike
3-2: Ground out U3 (Groundball, 34, EV 103.1 MPH)
Bottom of the 9th over - 0 runs, 0 hits, 0 errors, 0 left on base; Vancouver 2 - Chicago 2
Monday, May 6th , 2024 - OOTP Baseball 24.11 Build 85